 Dungeon Crawl Stone Soup version 0.24.1-4-ge52af88ad5 (webtiles) character file.

Game seed: 3422170876320646131, levelgen mode: deterministic

1540 Curus the Spear-Bearer (level 8, -5/63 HPs)
             Began as a Red Draconian Berserker on Apr 18, 2020.
             Was an Elder of Trog.
             Killed by divine providence
             ... invoked by an orc priest
              (14 damage)
             ... on level 7 of the Dungeon.
             The game lasted 00:32:47 (5568 turns).

Curus the Spear-Bearer (Red Draconian Berserker)    Turns: 5568, Time: 00:32:48

Health: -5/63      AC: 16    Str: 19    XL:     8   Next: 56%
Magic:  8/8        EV: 12    Int:  8    God:    Trog [****..]
Gold:   328        SH:  3    Dex: 13    Spells: 7/7 levels left

rFire    + . .     SeeInvis +   h - +0 trident
rCold    . . .     Gourm    .   r - +0 buckler
rNeg     . . .     Faith    .   (armour unavailable)
rPois    .         Spirit   .   c - +1 hat
rElec    .         Reflect  .   f - +2 cloak
rCorr    .         Harm     .   (no gloves)
MR       .....                  o - +1 pair of boots
Stlth    +.........             (no amulet)
HPRegen  0.20/turn              j - +4 ring of protection
MPRegen  0.11/turn              l - ring of see invisible

@: no status effects
A: breathe fire, unfitting armour, fire resistance 1, cold-blooded, AC +6
a: Breathe Fire, Berserk, Trog's Hand, Brothers in Arms, Renounce Religion


You were on level 7 of the Dungeon.
You worshipped Trog.
Trog was greatly pleased with you.
You were hungry.

You visited 1 branch of the dungeon, and saw 7 of its levels.

You collected 328 gold pieces.

Inventory:

Hand Weapons
 a - a +1 spear
 h - a +0 trident (weapon)
Armour
 c - a +1 hat (worn)
 f - a +2 cloak (worn)
 o - a +1 pair of boots (worn)
 r - a +0 buckler (worn)
Jewellery
 g - a -3 ring of dexterity
 j - a +4 ring of protection (left hand)
 l - a ring of see invisible (right hand)
Scrolls
 d - 11 scrolls of identify
 k - 3 scrolls of teleportation
 m - 2 scrolls of remove curse
Potions
 e - a potion of curing
 i - a potion of haste
 n - 4 potions of agility
 p - a potion of invisibility
Comestibles
 b - 9 rations


   Skills:
 - Level 3.2 Fighting
 + Level 11.1 Polearms
 - Level 2.6 Dodging


You had 7 spell levels left.
You didn't know any spells.
Your spell library was empty.

Dungeon Overview and Level Annotations

Branches:
Dungeon (7/15)             Temple (0/1) D:4

Altars:
Ashenzari
Dithmenos
Gozag
Hepliaklqana
Nemelex Xobeh
Ru
Trog
Vehumet
Xom
Yredelemnul

Annotations:
D:7 Harold


Innate Abilities, Weirdness & Mutations

You can breathe blasts of fire.
Your fiery red scales are hard. (AC +6)
You cannot fit into any form of body armour.
Your flesh is heat resistant. (rF+)
You are cold-blooded and may be slowed by cold attacks.


Message History

The orc wizard blinks!
You closely miss the orc priest.
The orc priest is heavily wounded.
The orc priest calls down the wrath of Beogh upon you.
Beogh smites you!
You barely miss the orc priest.
The orc priest is heavily wounded.
A centaur comes into view.
The orc priest calls upon Beogh to heal the orc priest.
The orc priest is healed somewhat.
The orc priest casts a cantrip, but nothing happens.
The orc priest invokes the aid of Beogh against you.
Beogh smites you!
* * * LOW HITPOINT WARNING * * *
The orc priest calls down the wrath of Beogh upon you.
Beogh smites you!
* * * LOW HITPOINT WARNING * * *
The orc priest mumbles some strange prayers to Beogh against you.
Beogh smites you!
You die...

........(..........######
###..###..###### ##........##
#..# #..###..#.##..## #..#
#....<##.###.# ##..#
>.o.#####..# #.####...# .##.
#.## #.##....## #@## ..
###.....### #...
.####@......# #..###
#...#..#### ##?).#
#o###..########### #...o#
##.# ##.##........#
.###.##.###..# #.##........#
c.......##..#####..#........#
##...##..o..##..............#
#.#..##....................#
.. #.....#............#######


You could see 2 orc priests.

Vanquished Creatures
  Duvessa (D:6)
  An ice beast (D:6)
  An ogre (D:4)
  A phantom (D:2)
  A bullfrog (D:6)
  Dowan (D:6)
  A howler monkey (D:4)
  3 crimson imps
  A jelly (D:6)
  2 hounds
  Crazy Yiuf (D:2)
  2 orc wizards (D:6)
  5 orc priests
  A centaur skeleton (D:4)
  2 iguanas
  Natasha (D:3)
  5 worker ants
  A killer bee zombie (D:6)
  A hound zombie (D:7)
  A hound skeleton (D:4)
  3 gnolls (D:4)
  13 adders
  2 oozes
  2 adder zombies
  2 adder skeletons
  2 worms
  A leopard gecko (D:3)
  25 orcs
  3 giant cockroaches
  8 hobgoblins
  13 jackals
  4 quokkas
  4 ball pythons
  9 bats
  6 frilled lizards
  8 goblins
  10 kobolds
  A leopard gecko skeleton (D:6)
  A leopard gecko zombie (D:6)
  A quokka zombie (D:5)
  4 rats
155 creatures vanquished.

Vanquished Creatures (others)
  An orc (D:6)
1 creature vanquished.

Grand Total: 156 creatures vanquished

Notes
Turn   | Place    | Note
-------+----------+-------------------------------------------
     0 | D:1      | Curus the Draconian Berserker began the quest for the Orb.
     0 | D:1      | Reached XP level 1. HP: 19/19 MP: 1/1
    78 | D:1      | Reached XP level 2. HP: 20/26 MP: 2/2
   266 | D:1      | Reached skill level 4 in Polearms
   362 | D:1      | Reached XP level 3. HP: 29/31 MP: 3/3
   387 | D:1      | Reached ** piety under Trog
   672 | D:2      | Found a basalt altar of Yredelemnul.
   744 | D:2      | Noticed a phantom
   939 | D:2      | Reached XP level 4. HP: 32/38 MP: 4/4
   967 | D:2      | Reached skill level 5 in Polearms
  1013 | D:2      | Found a runed translucent door.
  1014 | D:2      | Noticed Crazy Yiuf
  1292 | D:2      | Killed a phantom
  1292 | D:2      | Reached XP level 5. HP: 31/45 MP: 5/5
  1336 | D:2      | Reached skill level 6 in Polearms
  1466 | D:2      | Killed Crazy Yiuf
  1905 | D:3      | Reached *** piety under Trog
  2045 | D:3      | Found a sacrificial altar of Ru.
  2070 | D:3      | Reached XP level 6. HP: 37/51 MP: 6/6
  2176 | D:3      | Found a shimmering altar of Xom.
  2182 | D:3      | Noticed Natasha
  2195 | D:3      | Killed Natasha
  2195 | D:3      | Reached skill level 7 in Polearms
  2567 | D:4      | Found a staircase to the Ecumenical Temple.
  2621 | D:4      | Reached skill level 8 in Polearms
  2624 | D:4      | HP: 1/76 [orc priest/divine providence (10)]
  2627 | D:4      | Your scales start taking on a fiery red colour.
  2627 | D:4      | Reached XP level 7. HP: 2/57 MP: 7/7
  2627 | D:4      | Gained mutation: Your flesh is heat resistant. (rF+) [Red
                  | Draconian growth]
  3017 | D:4      | Found a bloodstained altar of Trog.
  3022 | D:4      | Found a shadowy altar of Dithmenos.
  3283 | D:5      | Entered Level 5 of the Dungeon
  3611 | D:5      | Found a hazy altar of Hepliaklqana.
  3614 | D:5      | Found an opulent altar of Gozag.
  3682 | D:5      | Reached skill level 9 in Polearms
  3688 | D:5      | Found a sparkling altar of Nemelex Xobeh.
  3990 | D:6      | Found a radiant altar of Vehumet.
  4094 | D:6      | Reached **** piety under Trog
  4094 | D:6      | Reached XP level 8. HP: 46/63 MP: 8/8
  4322 | D:6      | Reached skill level 10 in Polearms
  4471 | D:6      | Noticed Dowan
  4472 | D:6      | Noticed Duvessa
  4491 | D:6      | Killed Duvessa
  4498 | D:6      | Killed Dowan
  4880 | D:6      | Found a shattered altar of Ashenzari.
  5175 | D:7      | Noticed Harold
  5421 | D:7      | Reached skill level 11 in Polearms
  5568 | D:7      | Killed from afar by an orc priest

Levels and vault maps discovered:
D:1:      lightli_arrival_chessboard, layout_rooms, serial_glass,
          glass_columns_a, glass_columns_c
D:2:      layout_rooms, serial_forest, infiniplex_forest_clump_small,
          infiniplex_forest_corner_1, infiniplex_forest_pool,
          infiniplex_forest_clump_diagonal, infiniplex_forest_pool,
          infiniplex_forest_lined_3_way, kennysheep_pointless_box,
          yredelemnul_altar_generic, uniq_crazy_yiuf_cottage
D:3:      layout_basic, nicolae_ru_sacrificial_ziggurat, lemuel_doored_altar,
          uniq_natasha
D:4:      layout_basic, gammafunk_temple_overflow_pools,
          minmay_temple_entry_wispy
D:5:      layout_gridville, nemelex_xobeh_ov_fountains_minmay,
          nicolae_overflow_hidden_temple, first_ration
D:6:      layout_gridville, kennysheep_little_box, fiery_altar_vehumet,
          uniq_duvessa
D:7:      layout_rooms, uniq_harold

Skill      XL: |  1  2  3  4  5  6  7  8 |
---------------+-------------------------+-----
Polearms       | 4 5 6 8 9 11 | 11.1
Fighting       | |  3.2
Dodging        | |  2.6

Action                   |  1- 3 |  4- 6 |  7- 9 || total
-------------------------+-------+-------+-------++-------
Melee: Spear             |   171 |   181 |       ||   352
       Tailslap          |    15 |    22 |    45 ||    82
       Trident           |       |    96 |   306 ||   402
Invok: Berserk           |       |     3 |     2 ||     5
       Trog's Hand       |       |       |     1 ||     1
 Abil: Breathe Fire      |       |       |     1 ||     1
  Use: Potion            |     3 |     2 |     5 ||    10
       Scroll            |     5 |     4 |     4 ||    13
 Stab: Sleeping          |     1 |     1 |     3 ||     5
       Distracted        |       |       |     1 ||     1
  Eat: Chunk             |       |     4 |     9 ||    13
       Ration            |       |     1 |     1 ||     2
Armor: Skin              |    36 |    70 |    92 ||   198
Dodge: Dodged            |    90 |   127 |   159 ||   376
Block: Buckler           |       |       |    27 ||    27
